AoeStats
← EL_DoN_TaPaS

Arabia

510348995Analyzed
1v1 RM · 21h ago on Sep 30, 2026· 26m 15s· 2 players
Game mode
Random Map
Map size
Tiny (2 player)
Population
200
Speed
Normal
Resources
Standard
Victory
Conquest
Starting age
Dark Age
Ending age
Imperial Age
RankedLock teamsTeams togetherTeam positionsShared explorationLock speedFull tech treeHidden civsTurbo modeCheats
Victory
Defeat
🇻🇳 Huns · Vietnam
1175
+14
🇪🇸 Franks · Spain
1138
-14
EL_DoN_TaPaS
3:10 Loom
10:10 Feudal Age
10:47 Double-Bit Axe
21:35 Gold Mining
26:00 Castle Age
26:08 Scale Barding Armor
26:14 Forging
Aura Guy
7:07 Loom
9:32 Feudal Age
10:25 Double-Bit Axe
12:22 Fletching
14:54 Horse Collar
19:33 Castle Age
18:36 Gold Mining
19:12 Padded Archer Armor
19:58 Bloodlines
20:35 Bow Saw
21:20 Husbandry
24:10 Scale Barding Armor
25:41 Forging
Connection lost

Rejoining the realm…

Still unreachable

The connection could not be restored.

Session expired

The server has moved on; the page needs a fresh start.